 Dungeon Crawl Stone Soup version 0.29.0-5-ge4962eb29e (webtiles) character file.

Game seed: 5194114076123331467

1005 Descartes the Shield-Bearer (level 8, 0/59 (61) HPs)
             Began as a Formicid Fighter on Aug 28, 2022.
             Was an Initiate of Gozag.
             Slain by a wight
             ... wielding a +0 halberd
              (4 damage)
             ... on level 6 of the Dungeon.
             The game lasted 00:19:36 (5301 turns).

Descartes the Shield-Bearer (Formicid Fighter)      Turns: 5301, Time: 00:19:37

HP:   0/59 (61)     AC: 12    Str: 21    XL:     8   Next: 44%
MP:   0/8           EV:  7    Int: 10    God:    Gozag
Gold: 281           SH:  5    Dex: 13    Spells: 7/7 levels left

rFire   . . .      SeeInvis +   a - +0 war axe
rCold   . . .      Faith    .   c - +0 buckler
rNeg    . . .      Spirit   +   w - +0 chain mail
rPois   .          Reflect  .   (helmet unavailable)
rElec   .          Harm     .   j - +0 cloak
rCorr   .          Rampage  .   n - +0 pair of gloves
Will    .....                   (no boots)
Stlth   ..........              t - amulet of guardian spirit
HPRegen 0.19/turn               (no ring)
MPRegen 0.11/turn               (no ring)

@: mighty, gold aura, lightly drained
A: permanent stasis, dig shafts and tunnels, antennae 3, four strong arms
a: Dig, Shaft Self, Renounce Religion, Potion Petition, Call Merchant, Bribe
Branch


You were on level 6 of the Dungeon.
You worshipped Gozag.
Gozag was aware of your devotion.
You visited 2 branches of the dungeon, and saw 7 of its levels.

You collected 353 gold pieces.
You paid 72 gold pieces to Gozag.

Inventory:

Hand Weapons
 a - a +0 war axe (weapon)
 m - a +0 mace
Missiles
 e - 12 poisoned darts
 i - 42 stones
 q - 4 boomerangs
Armour
 c - a +0 buckler (worn)
 j - a +0 cloak (worn)
 n - a +0 pair of gloves (worn)
 w - a +0 chain mail (worn)
Jewellery
 t - an amulet of guardian spirit (around neck)
Scrolls
 f - a scroll of enchant weapon
 g - 2 scrolls of poison
 k - a scroll of amnesia {unknown}
 l - 2 scrolls of silence {unknown}
 o - 2 scrolls of enchant armour {unknown}
 v - 3 scrolls of identify
 x - a scroll of butterflies {unknown}
Potions
 b - a potion of mutation {unknown}
 d - 2 potions of might
 h - a potion of cancellation
 p - 2 potions of magic {unknown}
 r - 3 potions of curing {unknown}
 s - 2 potions of lignification {unknown}
 u - a potion of brilliance {unknown}
 z - a potion of heal wounds {unknown}


   Skills:
 + Level 4.7 Fighting
 + Level 3.6(4.6) Axes
 + Level 3.0(3.8) Maces & Flails
 + Level 2.9(3.8) Polearms
 + Level 4.8 Armour
 + Level 5.9 Shields
 + Level 2.5 Translocations
 + Level 1.8 Earth Magic
 + Level 3.0 Evocations


You had 7 spell levels left.
You didn't know any spells.
Your spell library contained the following spells:

 Spells                   Type           Power      Damage    Failure   Level
 Beastly Appendage        Tmut           0%         N/A       99%         1
 Wereblood                Tmut           0%         N/A       99%         2
 Gell's Gravitas          Tloc           5%         N/A       99%         3
 Teleport Other           Tloc           5%         N/A       99%         3
 Spider Form              Tmut/Pois      0%         N/A       100%        3
 Stone Arrow              Conj/Erth      2%         3d7       100%        3
 Tukima's Dance           Hex            0%         N/A       100%        3
 Animate Armour           Summ/Erth      2%         N/A       100%        4
 Leda's Liquefaction      Hex/Erth       0%         N/A       100%        4
 Passage of Golubria      Tloc           5%         N/A       100%        4
 Alistair's Intoxication  Tmut/Pois      0%         N/A       100%        5
 Borgnjor's Vile Clutch   Necr/Erth      0%         N/A       100%        5
 Lee's Rapid Deconstruct  Erth           1%         3d5*      100%        5
 Yara's Violent Unravell  Hex/Tmut       0%         3d3       100%        5
 Conjure Ball Lightning   Conj/Air       0%         3x3d6     100%        6
 Dispersal                Tloc           2%         N/A       100%        6
 Eringya's Noxious Bog    Tmut/Pois      0%         N/A       100%        6
 Statue Form              Tmut/Erth      0%         N/A       100%        6
 Discord                  Hex            0%         N/A       100%        8
 Disjunction              Tloc           2%         N/A       100%        8
 Lehudib's Crystal Spear  Conj/Erth      0%         10d2      100%        8


Dungeon Overview and Level Annotations

Branches:
Dungeon (6/15)             Temple (1/1) D:5

Altars:
Ashenzari
Cheibriados
Dithmenos
Elyvilon
Fedhas
Gozag
Kikubaaqudgha
Makhleb
Okawaru
Qazlal
Ru
Sif Muna
Trog
Uskayaw
Wu Jian
Xom
Zin
The Shining One

Annotations:
D:2 1 runed translucent door, Crazy Yiuf


Innate Abilities, Weirdness & Mutations

You cannot be hasted, slowed, berserked, paralysed or teleported.
You can dig through walls and to a lower floor.
You have a pair of large antennae on your head. (SInv)
Your four strong arms can wield two-handed weapons with a shield.


Message History

The wight hits you with a +4 war axe of freezing.
You feel drained. The wight freezes you. The wight hits you with a +0 hand axe.
You slash the wight!
You destroy the wight!
You hit the wight. You barely miss the wight. You block the wight's attack.
The wight is distracted by your dazzling golden aura.
You block the wight's attack. The wight hits you with a +0 hand axe!
The wight hits you but does no damage.
Unknown command.
The wight hits you with a +0 halberd.
You feel drained.
Things that are here:
7 gold pieces; a +4 war axe of freezing; a +0 robe Unknown command.
You closely miss the wight. You slash the wight! You hit the wight.
The wight is no longer distracted by gold.
The wight barely misses you. The wight hits you but does no damage.
The wight hits you with a +0 hand axe.
Unknown command.
You hit the wight.
The wight is lightly damaged.
You hit the wight. You slash the wight!
You destroy the wight!
The wight hits you with a +0 halberd!
* * * LOW HITPOINT WARNING * * *
The wight hits you but does no damage.
Your Maces & Flails skill increases to level 3!
Your Evocations skill increases to level 3!
You closely miss the wight.
The wight is lightly damaged.
You barely miss the wight. The wight hits you but does no damage.
The wight hits you with a +0 hand axe.
* * * LOW HITPOINT WARNING * * *
You block the wight's attack. The wight hits you with a +0 hand axe.
* * * LOW HITPOINT WARNING * * *
You feel drained.
You need at least 400 gold to purchase potions right now!
Okay, then.
The wight hits you from afar with a +0 halberd.
You die...
Your body crumbles into a pile of gold.

.... #.......... ##.
#.......... #. #.
#.......... ##
#.####.?........
#.............
............ .....#
......z..# ####....# {
#..z$@# #.......# ## $
#...$.# #.......# #.
#.###.....# #.......# #.
.........## #.......# #.
#.......(######.......###.
.........+..............#.
#........#.........####.#.
#........#.........###....
.....................#..##


You could see 2 wights.

Vanquished Creatures
  A black bear (D:5)
  An ice beast (D:6)
  An ogre (D:6)
  A necrophage (D:6)
  A scorpion (D:4)
  2 wights (D:6)
  An orc priest (D:4)
  A jelly (D:4)
  4 hounds
  3 iguanas (D:4)
  2 orc wizards
  Robin (D:4)
  5 adders
  A shadow imp (D:5)
  A white imp (D:5)
  An ufetubus (D:5)
  2 worms
  5 dart slugs
  14 orcs
  5 ball pythons
  10 endoplasms
  2 giant cockroaches
  2 hobgoblins
  11 jackals
  6 kobolds
  5 quokkas
  4 bats
  4 frilled lizards
  17 goblins
  12 rats
126 creatures vanquished.

Vanquished Creatures (others)
  2 plants (D:3)
2 creatures vanquished.

Grand Total: 128 creatures vanquished

Notes
Turn   | Place    | Note
-------+----------+-------------------------------------------
     0 | D:1      | Descartes the Formicid Fighter began the quest for the Orb.
     0 | D:1      | Reached XP level 1. HP: 18/18 MP: 1/1
    97 | D:1      | Reached XP level 2. HP: 22/24 MP: 2/2
   436 | D:1      | Reached XP level 3. HP: 29/29 MP: 3/3
   966 | D:2      | Reached skill level 1 in Polearms
  1064 | D:2      | Found a runed translucent door.
  1065 | D:2      | Noticed Crazy Yiuf
  1245 | D:3      | Reached XP level 4. HP: 36/36 MP: 4/4
  1375 | D:3      | Reached skill level 1 in Maces & Flails
  1480 | D:3      | Reached skill level 1 in Evocations
  1493 | D:3      | Reached XP level 5. HP: 42/42 MP: 5/5
  1627 | D:3      | Reached skill level 1 in Translocations
  2185 | D:4      | Found a bloodstained altar of Trog.
  2216 | D:4      | Reached XP level 6. HP: 47/48 MP: 6/6
  2235 | D:4      | Reached skill level 5 in Shields
  2418 | D:4      | Found a broken altar of Ashenzari.
  2447 | D:4      | Found a burning altar of Makhleb.
  2961 | D:4      | Reached XP level 7. HP: 50/54 MP: 5/7
  3229 | D:4      | Noticed Robin
  3245 | D:4      | Killed Robin
  3409 | D:4      | Found a shimmering altar of Xom.
  3528 | D:5      | Entered Level 5 of the Dungeon
  3861 | D:5      | Found a staircase to the Ecumenical Temple.
  3870 | Temple   | Entered the Ecumenical Temple
  3916 | Temple   | Became a worshipper of Gozag Ym Sagoz the Greedy
  4929 | D:6      | Reached skill level 1 in Earth Magic
  4929 | D:6      | Reached XP level 8. HP: 61/61 MP: 8/8
  5301 | D:6      | Slain by a wight

Illustrated notes

Levels and vault maps discovered:
D:1:      wander_arrival_fairy_ring, layout_rooms
D:2:      layout_basic, uniq_crazy_yiuf_cottage
D:3:      layout_loops_corners, serial_bayou_crossing
D:4:      minmay_bubble_buster, layout_basic, bloody_makhleb, marbit_many_paths,
          mainiacjoe_overflow_catwalk_spiral, abandoned_shop, minmay_quantized,
          uniq_robin
D:5:      layout_layer_cave, minmay_temple_entry_ruins, minmay_misc_feat_tiny
D:6:      layout_basic, uniq_maggie
Temple:   eino_temple_lava

Skill      XL: |  1  2  3  4  5  6  7  8 |
---------------+-------------------------+-----
Polearms       | 1 2 |  2.9
Maces & Flails | 1 2 3 |  3.0
Evocations     | 1 2 3 |  3.0
Translocations | 1 2 |  2.5
Shields        | 5 |  5.9
Fighting       | 4 |  4.7
Armour         | 4 |  4.8
Axes           | 3 |  3.6
Earth Magic    | 1 |  1.8

Action                   |  1- 3 |  4- 6 |  7- 9 || total
-------------------------+-------+-------+-------++-------
Melee: War axe           |    77 |   149 |   111 ||   337
  Use: Scroll            |     4 |     1 |       ||     5
       Potion            |       |       |     1 ||     1
Armor: Scale mail        |    37 |    79 |    23 ||   139
       Chain mail        |       |       |    45 ||    45
Dodge: Dodged            |    34 |    76 |    39 ||   149
Block: Buckler           |    12 |    29 |    38 ||    79
